 Dungeon Crawl Stone Soup version 0.16.2-12-gd0ad4c3 (webtiles) character file.

190 SlimeFever the Insei (level 5, -8/41 HPs)
             Began as a Demonspawn Monk on Oct 8, 2015.
             Killed by nerve-wracking pain
             ... invoked by Grinder
              (10 damage)
             ... while paralysed by Grinder
             ... on level 3 of the Dungeon on Oct 9, 2015.
             The game lasted 00:22:01 (2429 turns).

SlimeFever the Insei (Demonspawn Monk)              Turns: 2429, Time: 00:22:02

Health: -8/41      AC: 13    Str: 12    XL:     5   Next: 41%
Magic:  0/5        EV:  2    Int: 11    God:
Gold:   96         SH:  0    Dex: 16    Spells: 0 memorised, 4 levels left

rFire  . . .     SeeInvis .     g - +0 spear
rCold  + . .     Clarity  .     n - +2 scale mail {rPois}
rNeg   . . .     SustAb   .     (no shield)
rPois  +         Gourm    .     (no helmet)
rElec  .         Spirit   +     (no cloak)
rCorr  .         Warding  .     (no gloves)
rMut   .         Stasis   .     k - +2 pair of boots
MR     .....                    e - amulet of guardian spirit
Stlth  ..........               (no ring)
                                d - ring of protection from cold

@: paralysed, heavily drained, not resistant to hostile enchantments, extremely
unstealthy
A: hooves 1, thin metallic scales 1
a: no special abilities


You were on level 3 of the Dungeon.
You were very hungry.

You visited 1 branch of the dungeon, and saw 3 of its levels.

You collected 96 gold pieces.

Inventory:

Hand weapons
 g - a +0 spear (weapon)
 o - a +0 hunting sling
Missiles
 p - 8 curare-tipped needles
Armour
 a - a +1 robe
 k - a +2 pair of boots (worn)
 n - a +2 scale mail of poison resistance (worn)
Jewellery
 d - a ring of protection from cold (left hand)
 e - an amulet of guardian spirit (around neck)
Magical devices
 c - a wand of cold (4)
Scrolls
 h - 3 scrolls of fear
 l - a scroll of identify
Potions
 i - 2 potions of brilliance
 m - a potion of lignification {unknown}
Comestibles
 b - 2 bread rations


   Skills:
 * Level 3.6(2.3) Fighting
 + Level 1.2(0.1) Polearms
 + Level 0.5(0.0) Armour
 + Level 4.1(2.8) Dodging
 + Level 2.1(0.9) Stealth
 + Level 4.3(3.0) Unarmed Combat


You had 4 spell levels left.
You didn't know any spells.

Dungeon Overview and Level Annotations

Branches:
Dungeon (3/15)

Altars:
Xom

Annotations:
D:3 Grinder


Innate Abilities, Weirdness & Mutations

You have large cloven feet.
You are partially covered in thin metallic scales (AC +2).


Message History

You closely miss Grinder.
Grinder is lightly wounded.
Grinder gestures.
Grinder blinks!
Attack whom?
Press: ? - help, Dir - move target cursor, f/p - Grinder
Aim: Grinder (lightly wounded)
You reach to attack!
You hit Grinder.
Grinder is lightly wounded.
Grinder gestures at you.
You suddenly lose the ability to move!
Grinder hits you but does no damage. Grinder hits you.
* * * LOW HITPOINT WARNING * * *
You writhe in agony. x2
Grinder hits you!
* * * LOW HITPOINT WARNING * * *
Grinder gestures at you. Pain shoots through your body!
You die...

#...........# ##...........#
.... #............###.....
#...................#
#...................# ....
#...................# ...#
#...##..............# . #...
#...##..............##.####...
#...##.......@5...............
######....)...................
#....((..........#.......
#................#.......
#.........##.....##......
#.........######.##.#'###
#................##...###
############...........#.....
#.........##.......(...#.....


You could see Grinder.

Vanquished Creatures
  A crimson imp (D:3)
  An orc wizard (D:3)
  4 adders
  3 worms
  A giant mite (D:2)
  3 giant geckos
  2 orcs (D:3)
  3 ball pythons
  5 giant cockroaches
  7 goblins
  8 hobgoblins
  4 jackals (D:3)
  10 kobolds
  6 bats
  A giant newt (D:3)
  11 rats
70 creatures vanquished.

Notes
Turn   | Place    | Note
--------------------------------------------------------------
     0 | D:1      | SlimeFever, the Demonspawn Monk, began the quest for the Orb.
     0 | D:1      | Reached XP level 1. HP: 18/18 MP: 1/1
   176 | D:1      | Gained mutation: You are partially covered in thin metallic scales (AC +2). [demonic ancestry]
   176 | D:1      | Reached XP level 2. HP: 4/24 MP: 2/2
   190 | D:1      | Reached skill level 4 in Unarmed Combat
   784 | D:2      | Gained mutation: You have large cloven feet. [demonic ancestry]
   784 | D:2      | Reached XP level 3. HP: 8/29 MP: 1/3
  1103 | D:2      | Reached XP level 4. HP: 32/35 MP: 4/4
  1367 | D:3      | Reached skill level 1 in Polearms
  1794 | D:3      | Reached XP level 5. HP: 41/41 MP: 5/5
  1817 | D:3      | Found a shimmering altar of Xom.
  1900 | D:3      | Paralysed by a crimson imp for 6 turns
  2008 | D:3      | HP: 2/41 [poisoned by a crimson imp]
  2360 | D:3      | Noticed Grinder
  2387 | D:3      | Paralysed by Grinder for 7 turns
  2395 | D:3      | Paralysed by Grinder for 7 turns
  2410 | D:3      | Paralysed by Grinder for 7 turns
  2424 | D:3      | Paralysed by Grinder for 7 turns
  2428 | D:3      | HP: 2/41 [Grinder (7)]
  2429 | D:3      | Killed from afar by Grinder

Action                   |  1- 3 |  4- 6 || total
-------------------------+-------+-------++-------
Melee: Unarmed           |    46 |       ||    46
       Spear             |   136 |   284 ||   420
Evoke: Wand              |       |     1 ||     1
  Use: Scroll            |     5 |     2 ||     7
       Potion            |     1 |     4 ||     5
 Stab: Sleeping          |     2 |       ||     2
       Distracted        |     1 |       ||     1
       Invisible         |       |     2 ||     2
  Eat: Meat ration       |       |     1 ||     1
